[ PARTIDA AOE2 · #495921182 ]
UnrankedRomanos vs Romans
Equipo del jugador · DERR
Equipo rival · VICT
[ ANÁLISIS DE REPETICIÓN · EXTRAÍDO DE LA PARTIDA GRABADA ]
Feudal
9:36
Castillos
—
Imperial
—
| APM promedio | 56.5 |
| APM pico | 115 |
| eAPM promedio | 21.5 |
| Aldeanos / militares | 42 / 29 |
Foco
⚔️ 25.7% · 🌾 74.3%
Militia ×29
Feudal
9:17
Castillos
21:08
Imperial
—
| APM promedio | 48.8 |
| APM pico | 112 |
| eAPM promedio | 22.6 |
| Aldeanos / militares | 36 / 21 |
Foco
⚔️ 41.2% · 🌾 58.8%
Militia ×20 · Spearman ×1
Mapa de la partida
Recursos iniciales + cada clic de construcción. Líneas = muros · curvas = relieve. ◆ oro · ⬟ piedra · ● bayas · ✦ reliquia · ◌ hueco del cierre
Tu base· Abierta — flanco sin cerrar
Base de Hodensack_AoE· ✓ Cerrada en 21:08 · 31t muro · sin puerta
Terreno inicial suavizado · ◌ = hueco del cierre detectado · pasá el cursor para detalles
Inputs por minuto
— [KYS] CaptainJesus - - Hodensack_AoE
Build order — [KYS] CaptainJesus
129 acciones detectadas en el replay
| 0:00 | Crear | Villager (Male) |
| 0:00 | Crear | Villager (Male) |
| 0:01 | Construir | House |
| 0:02 | Construir | House |
| 0:16 | Crear | Villager (Male) |
| 0:36 | Crear | Villager (Male) |
| 1:54 | Crear | Villager (Male) |
| 1:54 | Crear | Villager (Male) |
| 1:59 | Construir | Lumber Camp |
| 2:23 | Crear | Villager (Male) |
| 2:57 | Crear | Villager (Male) |
| 3:27 | Crear | Villager (Male) |
| 3:27 | Crear | Villager (Male) |
| 3:55 | Crear | Villager (Male) |
| 4:20 | Construir | House |
| 4:48 | Crear | Villager (Male) |
| 5:01 | Construir | House |
| 5:06 | Crear | Villager (Male) |
| 5:33 | Construir | Barracks |
| 5:40 | Crear | Villager (Male) |
| 5:59 | Crear | Villager (Male) |
| 6:31 | Construir | House |
| 6:36 | Crear | Villager (Male) |
| 6:40 | Investigar | Loom |
| 7:13 | Investigar | Feudal Age |
| 7:22 | Crear | Militia |
| 7:22 | Crear | Militia |
| 7:36 | Construir | Palisade Gate |
| 7:41 | Construir | Palisade Wall |
| 8:20 | Crear | Militia |
| 8:36 | Crear | Villager (Male) |
| 8:42 | Construir | Mill |
| 8:55 | Construir | House |
| 8:56 | Construir | House |
| 9:36 | Edad | Edad Feudal |
| 9:39 | Investigar | Man-at-Arms (upgrade) |
| 9:55 | Crear | Villager (Male) |
| 10:06 | Crear | Villager (Male) |
| 10:26 | Crear | Villager (Male) |
| 10:35 | Construir | Farm |
| 10:36 | Construir | Farm |
| 10:36 | Construir | Farm |
| 10:36 | Construir | Farm |
| 10:36 | Construir | Farm |
| 10:56 | Crear | Militia |
| 10:59 | Construir | Farm |
| 11:00 | Construir | Farm |
| 11:00 | Construir | Farm |
| 11:14 | Crear | Villager (Male) |
| 11:20 | Construir | Farm |
| 11:28 | Crear | Villager (Male) |
| 11:31 | Construir | House |
| 11:55 | Investigar | Double-Bit Axe |
| 11:57 | Crear | Villager (Male) |
| 12:26 | Crear | Villager (Male) |
| 12:39 | Crear | Villager (Male) |
| 12:42 | Construir | Blacksmith |
| 12:51 | Crear | Militia |
| 12:53 | Crear | Villager (Male) |
| 13:12 | Construir | House |
| 13:18 | Crear | Villager (Male) |
| 13:28 | Construir | Mining Camp |
| 13:36 | Crear | Villager (Male) |
| 13:50 | Construir | House |
| 13:51 | Construir | House |
| 14:05 | Construir | Farm |
| 14:07 | Construir | Farm |
| 14:31 | Crear | Villager (Male) |
| 14:42 | Crear | Militia |
| 14:48 | Construir | House |
| 14:49 | Construir | House |
| 14:52 | Crear | Villager (Male) |
| 15:09 | Crear | Militia |
| 15:19 | Construir | House |
| 15:21 | Construir | House |
| 15:22 | Construir | House |
| 15:31 | Crear | Villager (Male) |
| 15:31 | Crear | Villager (Male) |
| 15:45 | Crear | Militia |
| 15:48 | Crear | Villager (Male) |
| 15:54 | Crear | Militia |
| 16:12 | Investigar | Forging |
| 16:15 | Crear | Militia |
| 16:20 | Crear | Villager (Male) |
| 16:34 | Crear | Militia |
| 16:40 | Construir | Barracks |
| 16:52 | Crear | Militia |
| 16:58 | Crear | Villager (Male) |
| 17:09 | Crear | Villager (Male) |
| 17:11 | Crear | Militia |
| 17:15 | Construir | House |
| 17:19 | Crear | Militia |
| 17:21 | Crear | Militia |
| 17:29 | Crear | Militia |
| 17:35 | Construir | Palisade Wall |
| 17:42 | Crear | Militia |
| 17:44 | Crear | Villager (Male) |
| 18:05 | Crear | Militia |
| 18:16 | Construir | Lumber Camp |
| 18:32 | Crear | Villager (Male) |
| 18:45 | Construir | House |
| 18:48 | Crear | Militia |
| 18:48 | Crear | Militia |
| 19:00 | Crear | Villager (Male) |
| 19:10 | Crear | Militia |
| 19:10 | Crear | Militia |
| 19:15 | Construir | Lumber Camp |
| 19:25 | Crear | Militia |
| 19:25 | Crear | Militia |
| 19:26 | Crear | Villager (Male) |
| 19:30 | Construir | Lumber Camp |
| 19:43 | Construir | Palisade Gate |
| 19:53 | Crear | Villager (Male) |
| 20:05 | Crear | Militia |
| 20:05 | Crear | Militia |
| 20:16 | Crear | Villager (Male) |
| 20:24 | Crear | Militia |
| 20:24 | Crear | Militia |
| 20:27 | Investigar | Horse Collar |
| 20:30 | Construir | Farm |
| 20:42 | Crear | Militia |
| 20:48 | Construir | Mill |
| 21:00 | Construir | Farm |
| 21:00 | Construir | Farm |
| 21:01 | Construir | Farm |
| 21:01 | Construir | Farm |
| 21:01 | Construir | Farm |
| 21:09 | Construir | House |
| 21:10 | Construir | House |
Build order — Hodensack_AoE
113 acciones detectadas en el replay
| 0:00 | Crear | Villager (Male) |
| 0:00 | Crear | Villager (Male) |
| 0:02 | Construir | House |
| 0:02 | Construir | House |
| 0:03 | Crear | Villager (Male) |
| 0:03 | Crear | Villager (Male) |
| 1:25 | Crear | Villager (Male) |
| 1:25 | Crear | Villager (Male) |
| 2:02 | Crear | Villager (Male) |
| 2:03 | Crear | Villager (Male) |
| 2:17 | Construir | Lumber Camp |
| 2:25 | Crear | Villager (Male) |
| 2:57 | Crear | Villager (Male) |
| 2:57 | Crear | Villager (Male) |
| 3:16 | Crear | Villager (Male) |
| 3:17 | Crear | Villager (Male) |
| 3:49 | Construir | House |
| 4:28 | Crear | Villager (Male) |
| 4:29 | Crear | Villager (Male) |
| 4:51 | Construir | Mill |
| 4:57 | Crear | Villager (Male) |
| 5:12 | Crear | Villager (Male) |
| 5:12 | Crear | Villager (Male) |
| 5:13 | Investigar | Loom |
| 6:40 | Construir | Barracks |
| 6:53 | Investigar | Feudal Age |
| 7:07 | Construir | House |
| 7:42 | Crear | Militia |
| 7:42 | Crear | Militia |
| 7:46 | Construir | House |
| 7:49 | Construir | Palisade Wall |
| 7:54 | Construir | Palisade Wall |
| 7:55 | Construir | Palisade Wall |
| 7:56 | Construir | Palisade Wall |
| 8:19 | Construir | Mining Camp |
| 9:07 | Crear | Villager (Male) |
| 9:17 | Edad | Edad Feudal |
| 9:21 | Crear | Militia |
| 9:31 | Investigar | Double-Bit Axe |
| 10:09 | Crear | Villager (Male) |
| 10:29 | Investigar | Man-at-Arms (upgrade) |
| 10:30 | Investigar | Man-at-Arms (upgrade) |
| 10:32 | Construir | Blacksmith |
| 11:01 | Crear | Villager (Male) |
| 11:01 | Crear | Villager (Male) |
| 11:16 | Investigar | Scale Mail Armor |
| 11:25 | Construir | Mill |
| 11:30 | Crear | Militia |
| 11:30 | Crear | Militia |
| 11:49 | Crear | Villager (Male) |
| 12:01 | Crear | Militia |
| 12:21 | Crear | Villager (Male) |
| 12:30 | Construir | Farm |
| 12:30 | Construir | Farm |
| 12:30 | Construir | Farm |
| 12:31 | Construir | Farm |
| 12:41 | Construir | Farm |
| 12:48 | Crear | Villager (Male) |
| 13:02 | Construir | House |
| 13:04 | Construir | Palisade Wall |
| 13:07 | Crear | Militia |
| 13:21 | Crear | Villager (Male) |
| 13:27 | Construir | Farm |
| 13:29 | Construir | Farm |
| 13:47 | Crear | Villager (Male) |
| 13:51 | Construir | Farm |
| 13:56 | Construir | Farm |
| 14:08 | Crear | Militia |
| 14:12 | Crear | Villager (Male) |
| 14:22 | Crear | Militia |
| 14:28 | Construir | House |
| 14:30 | Construir | Palisade Wall |
| 14:39 | Construir | Farm |
| 14:41 | Crear | Villager (Male) |
| 14:43 | Construir | House |
| 15:04 | Construir | Palisade Wall |
| 15:08 | Crear | Villager (Male) |
| 15:14 | Construir | Market |
| 15:31 | Crear | Villager (Male) |
| 15:40 | Construir | Farm |
| 15:42 | Crear | Villager (Male) |
| 16:00 | Construir | Farm |
| 16:02 | Crear | Villager (Male) |
| 16:27 | Construir | Farm |
| 16:32 | Crear | Villager (Male) |
| 16:32 | Investigar | Wheelbarrow |
| 16:42 | Construir | Farm |
| 16:47 | Construir | Farm |
| 16:57 | Construir | Farm |
| 18:00 | Investigar | Castle Age |
| 18:14 | Crear | Militia |
| 18:33 | Construir | Barracks |
| 18:35 | Crear | Militia |
| 18:40 | Investigar | Horse Collar |
| 18:57 | Investigar | Forging |
| 19:00 | Crear | Militia |
| 19:20 | Crear | Spearman |
| 19:25 | Crear | Militia |
| 19:25 | Crear | Militia |
| 19:29 | Crear | Militia |
| 19:29 | Crear | Militia |
| 19:36 | Crear | Villager (Male) |
| 20:06 | Crear | Militia |
| 20:06 | Crear | Militia |
| 20:27 | Crear | Militia |
| 20:27 | Crear | Militia |
| 20:48 | Investigar | Gold Mining |
| 20:54 | Crear | Villager (Male) |
| 21:08 | Edad | Edad de los Castillos |
| 21:09 | Investigar | Long Swordsman (upgrade) |
| 21:09 | Investigar | Long Swordsman (upgrade) |
| 21:11 | Construir | House |
| 21:12 | Construir | House |
Cronología de la partida
| 5:33 | [KYS] CaptainJesus · first_building Barracks |
| 6:40 | Hodensack_AoE · first_building Barracks |
| 7:41 | [KYS] CaptainJesus · wall_segment Palisade Wall x5 |
| 7:49 | Hodensack_AoE · wall_segment Palisade Wall x11 |
| 7:54 | Hodensack_AoE · wall_segment Palisade Wall x1 |
| 7:55 | Hodensack_AoE · wall_segment Palisade Wall x1 |
| 7:56 | Hodensack_AoE · wall_segment Palisade Wall x1 |
| 9:17 | Hodensack_AoE · age_up feudal |
| 9:36 | [KYS] CaptainJesus · age_up feudal |
| 13:04 | Hodensack_AoE · wall_segment Palisade Wall x5 |
| 14:30 | Hodensack_AoE · wall_segment Palisade Wall x4 |
| 15:04 | Hodensack_AoE · wall_segment Palisade Wall x8 |
| 16:17 | Hodensack_AoE · first_market_sell 100 stone |
| 16:20 | Hodensack_AoE · first_market_buy 100 food |
| 17:35 | [KYS] CaptainJesus · wall_segment Palisade Wall x1 |
| 21:08 | Hodensack_AoE · age_up castle |
| 21:17 | [KYS] CaptainJesus · resign |
[ ANÁLISIS IA · 1 CRÉDITO ]
¿Qué pasó realmente en esta partida?
Wolo.gg analiza cada decisión: build order, eco, micro, errores típicos por bracket. Análisis personalizado por WhatsApp o Discord en 30 segundos.
Guía civ
Romanos
Perfil
[KYS] CaptainJesus